 Dungeon Crawl Stone Soup version 0.22.1-2-g9c5b331383 (webtiles) character file.

43 Jynx the Sneak (level 3, -1/16 HPs)
             Began as a Spriggan Enchanter on Dec 23, 2018.
             Slain by a kobold
             ... wielding a +0 dagger
              (5 damage)
             ... on level 1 of the Dungeon.
             The game lasted 00:01:38 (1223 turns).

Jynx the Sneak (Spriggan Enchanter)                 Turns: 1223, Time: 00:01:39

Health: -1/16      AC:  2    Str:  4    XL:     3   Next: 37%
Magic:  8/8        EV: 19    Int: 16    God:
Gold:   31         SH:  0    Dex: 17    Spells: 2/8 levels left

rFire    . . .     SeeInvis +   a - +1 dagger
rCold    . . .     Gourm    .   (shield restricted)
rNeg     . . .     Faith    .   b - +0 robe
rPois    .         Spirit   .   (helmet restricted)
rElec    .         Reflect  .   (no cloak)
rCorr    .         Harm     .   (gloves unavailable)
MR       .....                  (boots unavailable)
Stlth    +++.......             (no amulet)
HPRegen  0.05/turn              (no ring)
MPRegen  0.11/turn              (no ring)

@: very quick
A: very small, unfitting armour, see invisible, herbivore, speed 3, slow
metabolism 2
a: no special abilities


You were on level 1 of the Dungeon.
You were not hungry.

You visited 1 branch of the dungeon, and saw 1 of its levels.

You collected 31 gold pieces.

Inventory:

Hand Weapons
 a - a +1 dagger (weapon)
Armour
 b - a +0 robe (worn)
Jewellery
 c - an uncursed amulet of rage {unknown}
 h - an uncursed ring of stealth {unknown}
 j - a +3 amulet of reflection {unknown}
Potions
 e - a potion of curing {unknown}
 f - 2 potions of degeneration {unknown}
 i - a potion of might {unknown}
Comestibles
 d - 2 rations


   Skills:
 + Level 1.7 Short Blades
 + Level 3.6 Dodging
 + Level 4.9 Stealth
 + Level 3.0 Spellcasting
 * Level 4.3 Hexes


You had 2 spell levels left.
You knew the following spells:

 Your Spells              Type           Power        Failure   Level  Hunger
a - Corona                Hex            ###....      3%          1    #......
b - Ensorcelled Hibernat  Hex/Ice        #.....       12%         2    ##.....
c - Confuse               Hex            ###.....     10%         3    ###....

Your spell library contained the following spells:

 Spells                   Type           Power        Failure   Level  Hunger
 Tukima's Dance           Hex            ###.....     10%         3    ###....
 Dazzling Spray           Conj/Hex       #.....       22%         3    ###....


Dungeon Overview and Level Annotations

Branches:
Dungeon (1/15)

Altars:


Innate Abilities, Weirdness & Mutations

You are very small and have problems with some larger weapons.
You are too small for most types of armour.
You have supernaturally acute eyesight. (SInv)
You are a herbivore.
You cover ground extremely quickly.
You need to consume almost no food.


Message History

The kobold closely misses you.
You barely miss the kobold.
The kobold is moderately wounded.
The kobold hits you but does no damage.
You hit the kobold.
The kobold is severely wounded.
The kobold misses you.
You hit the kobold but do no damage.
The kobold is severely wounded.
The kobold barely misses you.
You hit the kobold but do no damage.
The kobold is severely wounded.
The kobold hits you with a dagger.
* * * LOW HITPOINT WARNING * * *
You closely miss the kobold.
The kobold is moderately wounded.
You closely miss the kobold.
The kobold is moderately wounded.
The kobold hits you with a dagger.
You die...

,,,,,,,,,,,,,........+.........+.
*,,,,,,******##...##.#........†.#
**,,,*,* #...#..##.......#.#
***,,,* #.#.#.####.....##.# **,**
#.#...# ##...###.# *****,*
#.#..## ##+##*..# ,,,,,,* #.#..#
*,***... ****,,*
#.#..#####**,**,.## *,,*
#.@........*,**..,, ****,,*
**#.K..#.....,,,,,,,, ,,,,,,*
*.........##.,,,,,,,, ,***,**
#.#....#..#*,,,,*,*,, ,,,,,*
#.#(...#..#*,*,**,**, ,*****
#,#.....,...,****,*** **
*,#.##.##.##** *,*** *,..,,..,,*
*,,,, ***,,,***** *****


You could see a kobold.

Vanquished Creatures
  A gnoll (D:1)
  2 dart slugs (D:1)
  2 leopard geckos (D:1)
  A goblin (D:1)
  A hobgoblin (D:1)
  7 jackals (D:1)
  4 kobolds (D:1)
  2 bats (D:1)
  3 frilled lizards (D:1)
  3 rats (D:1)
26 creatures vanquished.

Notes
Turn   | Place    | Note
-------+----------+-------------------------------------------
     0 | D:1      | Jynx the Spriggan Enchanter began the quest for the Orb.
     0 | D:1      | Reached XP level 1. HP: 9/9 MP: 5/5
   151 | D:1      | Reached XP level 2. HP: 13/13 MP: 6/6
   665 | D:1      | Learned a level 2 spell: Ensorcelled Hibernation
   926 | D:1      | Reached XP level 3. HP: 13/16 MP: 8/8
  1186 | D:1      | Learned a level 3 spell: Confuse
  1223 | D:1      | Slain by a kobold

Skill      XL: |  1  2 |
---------------+-------+-----
Hexes          | 4 |  4.3
Spellcasting   | 3 |  3.0
Short Blades   | |  1.7
Dodging        | |  3.6
Stealth        | |  4.9

Action                   || total
-------------------------++-------
Melee: Dagger            ||   135
 Cast: Ensorcelled Hiber ||     1
  Use: Scroll            ||     3
 Stab: Sleeping          ||     8
Armor: Robe              ||     7
Dodge: Dodged            ||   108
